 Dungeon Crawl Stone Soup version 0.29-a0-791-ga0f254aafb (webtiles) character file.

Game seed: 1084190125676038574

114 Lekart the Trooper (level 4, -6/40 HPs)
             Began as a Draconian Fighter on July 3, 2022.
             Killed by divine providence
             ... invoked by an orc priest
              (13 damage)
             ... on level 3 of the Dungeon.
             The game lasted 00:02:04 (2235 turns).

Lekart the Trooper (Draconian Fighter)              Turns: 2235, Time: 00:02:04

Health: -6/40      AC:  5    Str: 19    XL:     4   Next: 67%
Magic:  4/4        EV: 12    Int:  8    God:
Gold:   114        SH:  4    Dex: 12    Spells: 3/3 levels left

rFire   . . .      SeeInvis .   a - +0 war axe
rCold   . . .      Faith    .   b - +0 buckler
rNeg    . . .      Spirit   .   (body armour unavailable)
rPois   .          Reflect  .   (helmet restricted)
rElec   .          Harm     .   (no cloak)
rCorr   .          Rampage  .   (no gloves)
Will    .....                   (no boots)
Stlth   +.........              (no amulet)
HPRegen 0.13/turn               (no ring)
MPRegen 0.09/turn               (no ring)

@: no status effects
A: AC +5, unfitting armour, cold-blooded
a: no special abilities


You were on level 3 of the Dungeon.
You visited 1 branch of the dungeon, and saw 3 of its levels.

You collected 114 gold pieces.

Inventory:

Hand Weapons
 a - a +0 war axe (weapon)
Armour
 b - a +0 buckler (worn)
Jewellery
 d - a ring of positive energy
 h - a ring of willpower
 l - an amulet of magic regeneration
 q - an amulet of faith
Scrolls
 f - 4 scrolls of identify
 i - 4 scrolls of enchant armour {unknown}
 j - a scroll of fog {unknown}
 m - a scroll of acquirement {unknown}
 n - a scroll of teleportation {unknown}
 o - a scroll of brand weapon {unknown}
Potions
 c - a potion of might
 e - 2 potions of brilliance
 g - 2 potions of degeneration
 k - a potion of curing {unknown}
 p - a potion of mutation {unknown}
 r - a potion of haste {unknown}
 s - a potion of heal wounds {unknown}


   Skills:
 + Level 4.0 Fighting
 + Level 3.5 Axes
 + Level 3.1 Dodging
 + Level 0.8 Stealth
 + Level 3.4 Shields


You had 3 spell levels left.
You didn't know any spells.
Your spell library was empty.

Dungeon Overview and Level Annotations

Branches:
Dungeon (3/15)

Altars:
Zin


Innate Abilities, Weirdness & Mutations

Your plain brown scales are hard. (AC +5)
You cannot fit into any form of body armour.
You are cold-blooded and may be slowed by cold attacks.


Message History

The orc priest mumbles some strange prayers to Beogh against you.
Beogh smites you! The adder bites you.
You are poisoned.
The adder poisons you!
You are too injured to fight recklessly!
You are too injured to fight recklessly!
You are too injured to fight recklessly!
You are too injured to fight recklessly!
You are too injured to fight recklessly!
You slash the adder!
Your tail-slap misses the adder.
The adder is almost dead.
You feel sick. The adder closely misses you. The adder bites you.
You are more poisoned.
The adder poisons you!
The orc priest looks braver for a moment.
You closely miss the adder.
The adder is almost dead.
You feel very sick. The adder closely misses you. The adder barely misses you.
You closely miss the adder.
Your tail-slap misses the adder.
The adder is almost dead.
You feel sick. The adder bites you but does no damage.
The orc priest looks encouraged for a moment.
The adder closely misses you.
You closely miss the adder.
The adder is almost dead.
You feel sick. The adder closely misses you.
You closely miss the adder.
The adder is almost dead.
You feel sick. You block the adder's attack. x2
You hit the adder but do no damage.
The adder is almost dead.
You feel sick. You block the adder's attack. The adder misses you.
You hit the adder.
You kill the adder!
You feel sick.
You are no longer poisoned.
The orc priest mumbles some strange prayers to Beogh against you.
Beogh smites you!
You die...

#..#.........# #.#.....###
#.<####.#....###.#......#
##........................#
....####..........#########
###.# #####..##### #.# ##.#
#.# #####†# #.# #.....####
..# #.#.#...@# ###
#..$..)#.oo..#
#....$.###g#...# ##.$$..#
... .. #..$..# #.# #.....#
## ###..## ##.# ..#


You could see an orc priest, an orc and a hobgoblin.

Vanquished Creatures
  An orc priest (D:3)
  3 adders
  2 dart slugs (D:3)
  An orc (D:3)
  7 bats
  6 endoplasms
  4 giant cockroaches
  2 hobgoblins
  6 jackals
  3 quokkas
  6 ball pythons
  A frilled lizard (D:1)
  3 goblins (D:1)
  8 kobolds
  7 rats
60 creatures vanquished.

Vanquished Creatures (others)
  A fungus (D:2)
  2 plants (D:2)
3 creatures vanquished.

Grand Total: 63 creatures vanquished

Notes
Turn   | Place    | Note
-------+----------+-------------------------------------------
     0 | D:1      | Lekart the Draconian Fighter began the quest for the Orb.
     0 | D:1      | Reached XP level 1. HP: 19/19 MP: 1/1
   349 | D:1      | Found a glowing silver altar of Zin.
   352 | D:1      | Reached XP level 2. HP: 26/26 MP: 2/2
   903 | D:1      | Reached XP level 3. HP: 33/33 MP: 3/3
  1657 | D:2      | Found a faded altar of an unknown god.
  1990 | D:2      | Reached XP level 4. HP: 40/40 MP: 4/4
  2202 | D:3      | Reached skill level 4 in Fighting
  2235 | D:3      | Killed from afar by an orc priest

Illustrated notes

Levels and vault maps discovered:
D:1:      dpeg_arrival_three_smaller_balls, layout_loops_cross,
          palyth_stone_intersect, minmay_hexomino_r4
D:2:      layout_loops_ring, dreamdust_ecumenical_altar_grove
D:3:      minmay_spotlight, layout_loops_ring, dreamdust_wishing_well

Skill      XL: |  1  2  3  4 |
---------------+-------------+-----
Dodging        | 3 |  3.1
Axes           | 3 |  3.5
Fighting       | 4 |  4.0
Stealth        | |  0.8
Shields        | |  3.4

Action                   |  1- 3 |  4- 6 || total
-------------------------+-------+-------++-------
Melee: War axe           |   111 |    33 ||   144
       Tailslap          |    10 |     4 ||    14
  Use: Scroll            |     2 |       ||     2
 Stab: Sleeping          |     3 |       ||     3
Armor: Skin              |    37 |     7 ||    44
Dodge: Dodged            |    58 |    16 ||    74
Block: Buckler           |    37 |    13 ||    50

Table legend: (Time is in decaauts)
 A = Elapsed time spent in this place.
 B = Non-inter-level travel time spent in this place.
 C = Inter-level travel time spent in this place.
 D = Time resting spent in this place.
 E = Time spent auto-exploring this place.
 F = Levels seen in this place.
 G = Mean time per level.
                   A        B        C        D        E       F      G
               +--------+--------+--------+--------+--------+-----+--------+
         Total |   2293 |   2243 |     50 |      0 |   1876 |   3 |  764.3 |
       Dungeon |   2293 |   2243 |     50 |      0 |   1876 |   3 |  764.3 |
               +--------+--------+--------+--------+--------+-----+--------+

Top non-repeatable levels by time:
     D:2: 1072 daAuts
     D:1: 1009 daAuts
     D:3: 210 daAuts
